 Dungeon Crawl Stone Soup version 0.20.1-1-g8b1a95d (webtiles) character file.

219 Planeswalker the Slasher (level 5, 0/39 HPs)
             Began as a Demonspawn Wanderer on July 26, 2017.
             Slain by an ogre
             ... wielding a +0 giant club
              (23 damage)
             ... on level 5 of the Dungeon.
             The game lasted 00:05:50 (2621 turns).

Planeswalker the Slasher (Demonspawn Wanderer)      Turns: 2621, Time: 00:05:51

Health: 0/39       AC:  2    Str: 14    XL:     5   Next: 64%
Magic:  14/14      EV: 12    Int: 16    God:
Gold:   106        SH:  0    Dex: 16    Spells: 4/4 levels left

rFire    + . .     SeeInvis .   a - +2 falchion
rCold    + . .     Gourm    .   (no shield)
rNeg     . . .     Faith    .   d - +0 robe
rPois    +         Spirit   .   (helmet restricted)
rElec    +         Reflect  .   (no cloak)
rCorr    +         Harm     .   (no gloves)
MR       .....                  (no boots)
Stlth    ++........             (no amulet)
Regen    0.6/turn               h - ring of magical power
MPRegen  0.2/turn               (no ring)

@: brilliant, resistant, flying
A: antennae 2, agile 1, frail 1, regeneration 1, rot immunity
a: no special abilities


You were on level 5 of the Dungeon.
You were hungry.

You visited 1 branch of the dungeon, and saw 5 of its levels.

You collected 106 gold pieces.

Inventory:

Hand Weapons
 a - a +2 falchion (weapon)
 e - a +0 dagger
Armour
 d - a +0 robe (worn)
 m - a +0 plate armour of magic resistance
Jewellery
 h - a ring of magical power (left hand)
 k - an uncursed ring of ice
Scrolls
 i - a scroll of immolation
Potions
 b - a potion of lignification
 c - 3 potions of curing
 l - 2 potions of agility {unknown}
 n - 3 potions of heal wounds
 q - a potion of resistance
Comestibles
 f - 3 bread rations
 t - a royal jelly


   Skills:
 - Level 5.0 Fighting
 - Level 1.0(3.3) Short Blades
 + Level 5.2 Long Blades
 - Level 1.0 Dodging
 - Level 1.7 Stealth


You had 4 spell levels left.
You didn't know any spells.

Dungeon Overview and Level Annotations

Branches:
Dungeon (6/15)
 Temple: D:4-7

Altars:
Elyvilon
Kikubaaqudgha
Nemelex Xobeh

Shops:
D:5 (

Annotations:
D:5 exclusion: scorpion, Edmund


Innate Abilities, Weirdness & Mutations

You have a pair of antennae on your head.
You are immune to rotting.
You are agile. (Dex +2)
You are frail. (-10% HP)
Your natural rate of healing is unusually fast.


Message History

You start resting.
You start resting.
It was a potion of flight.
You feel very buoyant.
You fly up into the air.
It was a potion of resistance.
You feel protected.
The ogre shouts!
It was a potion of brilliance.
You feel clever all of a sudden.
It was a potion of mutation.
You feel extremely strange.
You feel agile.
The antennae on your head grow some more.
You feel frail.
You begin to heal more quickly.
Unknown command.
You hit the ogre.
The ogre is lightly wounded.
The ogre hits you with a giant club!!
Ouch! That really hurt!
You die...

#. ##... ###
#......
#@#####...........
#.O##............#
#.......O#.......#
##......#.........
##............>..
##.∩............
#.)....)†).....
#%....(..((....
#..###.....###.


You could see an ogre.

Vanquished Creatures
  A centaur (D:5)
  A crimson imp (D:5)
  An adder (D:2)
  A shadow imp (D:6)
  3 worms
  3 dart slugs
  A leopard gecko (D:2)
  An orc (D:5)
  3 giant cockroaches (D:1)
  7 goblins
  8 hobgoblins
  9 jackals
  9 kobolds
  3 quokkas
  7 bats
  3 frilled lizards
  9 rats
70 creatures vanquished.

Notes
Turn   | Place    | Note
-------+----------+-------------------------------------------
     0 | D:1      | Planeswalker the Demonspawn Wanderer began the quest for the Orb.
     0 | D:1      | Planeswalker set off with: a +2 falchion, a potion of lignification, a potion of curing, a +0 robe, a +0 dagger, a bread ration
     0 | D:1      | Reached XP level 1. HP: 21/21 MP: 1/1
   105 | D:1      | Gained mutation: You are immune to rotting. [demonic ancestry]
   105 | D:1      | Reached XP level 2. HP: 26/27 MP: 2/2
   881 | D:1      | Gained mutation: You have a pair of small antennae on your head. [demonic ancestry]
   881 | D:1      | Reached XP level 3. HP: 31/33 MP: 3/3
  1694 | D:2      | Found a sparkling altar of Nemelex Xobeh.
  1722 | D:2      | Reached XP level 4. HP: 34/39 MP: 4/4
  2173 | D:3      | You fall through a shaft for 3 floors!
  2187 | D:5      | Entered Level 5 of the Dungeon
  2411 | D:5      | Noticed an ogre
  2412 | D:5      | Noticed Edmund
  2440 | D:6      | Found a white marble altar of Elyvilon.
  2440 | D:6      | Found an ancient bone altar of Kikubaaqudgha.
  2472 | D:5      | Noticed a centaur
  2475 | D:5      | Found Uvvuz's Weapon Boutique.
  2492 | D:5      | Killed a centaur
  2492 | D:5      | Reached XP level 5. HP: 18/44 MP: 5/5
  2549 | D:5      | Reached skill level 5 in Long Blades
  2620 | D:5      | Gained mutation: You are agile. (Dex +2) [potion of mutation]
  2620 | D:5      | Gained mutation: You have a pair of antennae on your head. [potion of mutation]
  2620 | D:5      | Gained mutation: You are frail. (-10% HP) [potion of mutation]
  2620 | D:5      | Gained mutation: Your natural rate of healing is unusually fast. [potion of mutation]
  2621 | D:5      | Slain by an ogre

Skill      XL: |  1  2  3  4  5 |
---------------+----------------+-----
Long Blades    | 2 3 4 5 |  5.2
Fighting       | |  5.0
Short Blades   | |  1.0
Dodging        | |  1.0
Stealth        | |  1.7

Action                   |  1- 3 |  4- 6 || total
-------------------------+-------+-------++-------
Melee: Falchion          |   108 |    85 ||   193
  Use: Scroll            |       |     4 ||     4
       Potion            |       |     6 ||     6
 Stab: Sleeping          |     2 |     2 ||     4
       Distracted        |     1 |       ||     1
  Eat: Chunk             |     2 |     3 ||     5
Armor: Robe              |    33 |    11 ||    44
       Skin              |       |    44 ||    44
Dodge: Dodged            |    61 |    50 ||   111
       Rpst.: Falchion   |    17 |    18 ||    35
